Map: Terrasses de Prion

Players

IIIIIIIIIIII (State) - Winner!

  • Race: Protoss Protoss

ByRada

  • Race: Zerg Zerg
  • League: Diamond

Event: NationWars III

VOD

Have the link to the VOD?

Description

Time

  • Played on: Nov. 19, 2015, 4:05 p.m.
  • Length: 9:26

All games in this series

Show
View Real Time Build Order
Export as new Build Order

IIIIIIIIIIII Protoss - Winner!

Build Orders: 1 Gate Expand, Oracle Opening 

Get SALT Encoding   

  12  0:01  Probe (Chrono Boost)  
  13  0:11  Probe (Chrono Boost)  
  14  0:18  Pylon  
  14  0:22  Probe (Chrono Boost)  
  15  0:36  Probe (Chrono Boost)  
  15  0:38  Gateway  
  16  0:45  Assimilator  
  16  0:47  Probe (Chrono Boost)  
  17  0:57  Probe (Chrono Boost)  
  18  1:08  Probe (Chrono Boost)  
  19  1:20  Nexus  
  19  1:23  Probe (Chrono Boost)  
  20  1:33  Cybernetics Core  
  20  1:37  Probe (Chrono Boost)  
  21  1:43  Assimilator  
  21  1:47  Probe (Chrono Boost)  
  21  1:53  Pylon  
  22  1:58  Probe (Chrono Boost)  
  23  2:11  Adept (Chrono Boost)  
  23  2:13  Stargate  
  25  2:16  Probe  
  25  2:22  Warp Gate  
  26  2:28  Probe  
  27  2:30  Probe  
  27  2:35  Adept (Chrono Boost)  
  30  2:40  Probe  
  30  2:43  Probe  
  31  2:44  Pylon  
  32  2:52  Probe  
  32  2:53  Probe  
  34  3:00  Oracle (Chrono Boost)  
  34  3:04  Probe x2  
  41  3:12  Adept  
  41  3:14  Probe  
  42  3:26  Robotics Facility  
  38  3:34  Mothership Core, Gateway  
  38  3:38  Pylon  
  38  3:39  Probe  
  41  3:42  Adept  
  43  3:51  Probe  
  43  3:54  Probe  
  44  3:58  Assimilator  
  44  4:02  Assimilator  
  45  4:03  Probe  
  45  4:05  Probe, Void Ray (Chrono Boost)  
  51  4:10  Forge  
  51  4:16  Warp Prism (Chrono Boost)  
  53  4:18  Probe  
  53  4:22  Probe  
  55  4:26  Adept  
  55  4:29  Pylon  
  55  4:30  Probe  
  58  4:34  Probe  
  59  4:39  Adept  
  62  4:46  Immortal (Chrono Boost), Protoss Ground Weapons Level 1 (Chrono Boost)  
  65  4:53  Probe  
  66  5:01  Twilight Council  
  66  5:02  Pylon  
  66  5:20  Immortal  
  70  5:31  Adept x2  
  70  5:39  Resonating Glaives (Chrono Boost)  
  68  5:43  Gateway x2  
  68  5:45  Pylon  
  60  5:54  Immortal  
  64  6:14  Pylon  
  64  6:15  Pylon  
  64  6:16  Void Ray  
  64  6:18  Sentry x2, Gateway  
  72  6:21  Pylon  
  72  6:22  Pylon  
  72  6:23  Gateway x2  
  72  6:24  Gateway  
  72  6:28  Gateway  
  72  6:34  Warp Prism  
  74  6:49  Sentry x2  
  74  6:50  Sentry x2  
  74  6:54  Pylon  
  82  7:08  Pylon  
  82  7:20  Adept x4  
  82  7:21  Adept x3  
  96  7:23  Observer  
  96  7:26  Probe  
  98  7:33  Adept x2  
  102  7:41  Adept x2  
  102  7:42  Adept x3  
  109  8:02  Adept x4  
  103  8:06  Adept x2  
  103  8:10  Adept x3  
  103  8:25  Adept x4  
  101  8:28  Sentry x2  
  105  8:37  Sentry x3  
  109  8:47  Probe  
  110  8:54  Adept x4  
  116  9:01  Sentry x2  
  116  9:02  Sentry  
  112  9:10  Adept x2  
  112  9:15  Adept x2  
Show
View Real Time Build Order
Export as new Build Order

ByRada Zerg 

Build Orders: Hatch First 

Get SALT Encoding   

  12  0:01  Drone  
  13  0:09  Drone  
  14  0:17  Overlord  
  14  0:23  Extractor  
  14  0:24  Drone  
  16  0:35  Drone  
  16  0:36  Drone  
  17  0:53  Hatchery  
  17  0:56  Drone  
  17  0:59  Drone  
  18  1:06  Extractor  
  17  1:15  Spawning Pool  
  17  1:18  Drone  
  17  1:21  Drone  
  18  1:28  Drone  
  19  1:38  Drone  
  20  1:48  Overlord  
  20  2:03  Queen  
  20  2:06  Queen  
  20  2:07  Zergling x2  
  25  2:09  Metabolic Boost  
  26  2:15  Drone  
  26  2:16  Drone  
  27  2:24  Overlord  
  27  2:26  Drone  
  28  2:33  Drone x2  
  30  2:44  Drone  
  30  2:48  Zergling x2  
  30  2:50  Hatchery  
  31  2:55  Zergling x4  
  33  3:00  Spore Crawler  
  33  3:04  Drone x2  
  35  3:12  Drone  
  35  3:14  Drone  
  35  3:16  Drone x3  
  38  3:29  Extractor  
  38  3:34  Drone x3  
  38  3:37  Drone  
  38  3:40  Roach Warren  
  40  3:41  Extractor  
  40  3:45  Drone  
  40  3:46  Queen  
  38  3:55  Spore Crawler  
  38  3:58  Drone x3  
  36  4:04  Drone x3  
  36  4:05  Drone x2  
  36  4:09  Drone, Queen  
  42  4:13  Drone  
  45  4:17  Spore Crawler  
  45  4:19  Spore Crawler  
  43  4:25  Drone x3  
  43  4:27  Drone  
  43  4:28  Drone x2  
  49  4:44  Overlord x3  
  49  4:45  Lair  
  49  4:51  Evolution Chamber  
  48  4:57  Overlord  
  48  4:59  Overlord x2  
  48  5:05  Drone x4  
  48  5:07  Drone x3  
  54  5:11  Drone x2  
  59  5:14  Roach x2  
  59  5:19  Drone x3  
  59  5:20  Roach  
  59  5:21  Roach  
  59  5:43  Roach x4  
  59  5:45  Drone x3  
  59  5:46  Drone x2  
  59  5:47  Glial Reconstitution  
  71  5:53  Ravager x4  
  75  6:05  Drone x4  
  75  6:06  Drone x4  
  84  6:11  Roach x3  
  84  6:12  Overseer  
  84  6:16  Extractor  
  84  6:17  Roach, Extractor x2  
  84  6:18  Roach  
  89  6:25  Hatchery  
  88  6:35  Overlord x2  
  88  6:38  Hydralisk Den  
  87  6:43  Overlord x4  
  87  6:53  Queen  
  89  6:58  Overlord x3  
  89  7:04  Drone x2  
  89  7:05  Drone  
  89  7:06  Roach x3  
  102  7:08  Roach x3  
  102  7:14  Hydralisk x2, Muscular Augments  
  102  7:15  Hydralisk x2  
  110  7:22  Hydralisk  
  112  7:25  Hydralisk  
  116  7:35  Ravager x2  
  116  7:36  Zergling x8  
  116  7:37  Zergling x4  
  124  7:47  Hydralisk x3  
  130  8:02  Hydralisk x4  
  98  8:15  Roach  
  98  8:16  Roach x7  
  98  8:17  Zergling x4  
  82  8:27  Roach x4  
  82  8:34  Roach x2  
  96  8:35  Queen  
  96  8:38  Roach  
  96  8:41  Hydralisk x2  
Tags
 
Add a new tag
Caveats
  • Supply blocks, unpowered buildings, or Contaminate may cause inaccurate times.
  • Supply counts are checked every 10 seconds.